 Dungeon Crawl Stone Soup version 0.28-a0-726-g4a9143789a (webtiles) character file.

Game seed: 11064390794125447074

107 cheechan the Ducker (level 4, 0/31 HPs)
             Began as an Octopode Fighter on Oct 27, 2021.
             Slain by a gnoll (1 damage)
             ... on level 3 of the Dungeon.
             The game lasted 00:06:35 (2410 turns).

cheechan the Ducker (Octopode Fighter)              Turns: 2410, Time: 00:06:36

Health: 0/31       AC:  1    Str: 16    XL:     4   Next: 85%
Magic:  4/4        EV: 13    Int: 10    God:
Gold:   150        SH:  5    Dex: 11    Spells: 3/3 levels left

rFire   . . .      SeeInvis .   a - +1 war axe (flame)
rCold   . . .      Faith    .   b - +1 buckler
rNeg    . . .      Spirit   .   (helmet restricted)
rPois   .          Reflect  .   (no amulet)
rElec   .          Harm     .   (no ring)
rCorr   .          Rampage  .   (no ring)
Will    .....                   (no ring)
Stlth   +++.......              (no ring)
HPRegen 0.10/turn               (no ring)
MPRegen 0.09/turn               (no ring)
                                (no ring)
                                (no ring)

@: mighty
A: almost no armour, amphibious, 8 rings, camouflage 1, gelatinous body 1,
(nimble swimmer 1), tentacles
a: no special abilities


You were on level 3 of the Dungeon.
You visited 1 branch of the dungeon, and saw 4 of its levels.

You collected 150 gold pieces.

Inventory:

Hand Weapons
 a - a +1 war axe of flaming (weapon)
 m - a +0 hunting sling
Missiles
 e - 83 stones
 g - 10 arrows
 j - 13 poisoned darts (quivered)
 k - 16 bolts
Armour
 b - a +1 buckler (worn)
Potions
 c - a potion of might
 d - a potion of heal wounds {unknown}
 f - a potion of curing {unknown}
 h - 2 potions of brilliance {unknown}
 i - a potion of magic {unknown}
 l - a potion of attraction {unknown}
 n - a potion of invisibility {unknown}


   Skills:
 + Level 3.5 Fighting
 + Level 3.2 Axes
 + Level 0.1 Throwing
 + Level 3.6 Dodging
 + Level 1.2 Stealth
 + Level 3.4 Shields


You had 3 spell levels left.
You didn't know any spells.
Your spell library was empty.

Dungeon Overview and Level Annotations

Branches:
Dungeon (4/15)
 Temple: D:4-7

Altars:

Shops:
D:3 :


Innate Abilities, Weirdness & Mutations

You cannot wear most types of armour.
You are amphibious.
You can wear up to eight rings at the same time.
Your skin changes colour to match your surroundings (Stealth+).
Your rubbery body absorbs attacks. (AC +1, EV +1)
((You are camouflaged near water. (Stealth+)))
You have tentacles for arms and can constrict up to eight enemies at once.


Message History

You climb downwards.
You hear the sound of rushing water.
There is an entrance to a sewer on this level.
Hurry and find it before the portal rusts away!
The orc shouts! x2; The gnoll shouts!
The orc shouts!
The gnoll shouts! x3
You hear a shout!
Found a long sword and a scroll of teleportation.
There is a stone staircase leading up here.
The orc hits you with a +0 flail. You block the gnoll's attack.
The gnoll barely misses you. The gnoll misses you. The orc misses you.
You climb upwards.
There is a stone staircase leading down here.
You slash the gnoll! You burn the gnoll. Your grab misses the gnoll.
You squeeze the gnoll.
The gnoll is almost dead.
You barely miss the gnoll. x2; You hit the orc.
You burn the orc. The gnoll hits you with a +0 whip.
The orc hits you with a +0 flail. The gnoll completely misses you.
The gnoll barely misses you.
You barely miss the gnoll. Your grab misses the gnoll.
Your squeeze misses the gnoll.
The gnoll is almost dead.
You closely miss the gnoll. You hit the gnoll but do no damage.
You hit the orc. You burn the orc.
You kill the orc!
You block the gnoll's attack. The gnoll hits you with a +0 whip.
The gnoll closely misses you.
You feel very mighty all of a sudden. The gnoll completely misses you.
The gnoll hits you with a +0 whip. The gnoll misses you.
The orc hits you with a +0 hand axe.
* * * LOW HITPOINT WARNING * * *
You closely miss the gnoll. Your grab misses the gnoll.
The gnoll is almost dead.
You hit the gnoll. You burn the gnoll. You completely miss the gnoll.
You hit the orc. You burn the orc.
You kill the orc!
The gnoll hits you with a +0 whip.
* * * LOW HITPOINT WARNING * * *
The gnoll hits you with a +0 halberd.
* * * LOW HITPOINT WARNING * * *
The gnoll hits you with a +0 whip.
You die...

#......# #..>..##.#
#......# #........#
#......# #.....#..#
#......# ###.......
####.#.# #.###.##
#...# #.# #.## ##..#
#.# #...
#g)#########.# #.##
#g@g.......#.# #.##
#########.##.###.##
####......#.##
##.....#.......
#............#.
###....#.#.#...#.
#......#.#.#.....
#.######.#.#...#.
####.#......#.#...#.


You could see 3 gnolls.

Vanquished Creatures
  2 adders (D:2)
  A worm (D:3)
  3 dart slugs
  2 orcs (D:3)
  5 ball pythons
  5 endoplasms
  5 giant cockroaches
  4 goblins
  5 hobgoblins
  13 jackals
  2 quokkas
  5 bats
  3 frilled lizards
  5 kobolds
  8 rats
68 creatures vanquished.

Notes
Turn   | Place    | Note
-------+----------+-------------------------------------------
     0 | D:1      | cheechan the Octopode Fighter began the quest for the Orb.
     0 | D:1      | Reached XP level 1. HP: 16/16 MP: 1/1
   141 | D:1      | Reached XP level 2. HP: 18/21 MP: 2/2
   399 | D:1      | Reached XP level 3. HP: 21/26 MP: 3/3
   997 | D:2      | Reached XP level 4. HP: 23/31 MP: 4/4
  1257 | D:2      | Found a faded altar of an unknown god.
  1506 | D:3      | Found Kenluboyl's Book Boutique.
  1994 | D:3      | Reached skill level 1 in Stealth
  2410 | D:3      | HP: 1/31 [gnoll (4)]
  2410 | D:3      | Slain by a gnoll

Illustrated notes

Levels and vault maps discovered:
D:1:      lightli_arrival_chessboard, layout_loops_cross
D:2:      layout_basic, hellmonk_ecumenical_altar_lost_god, minivault_19
D:3:      layout_basic, serial_shops, shop, feat_on_display
D:4:      layout_cave_pools, minmay_temple_entry_glass, portal_sewer_entry_f,
          grunt_ministairs_1

Skill      XL: |  1  2  3  4 |
---------------+-------------+-----
Axes           | 3 |  3.2
Stealth        | 1 |  1.2
Fighting       | |  3.5
Throwing       | |  0.1
Dodging        | |  3.6
Shields        | |  3.4

Action                   |  1- 3 |  4- 6 || total
-------------------------+-------+-------++-------
Melee: War axe           |    61 |    45 ||   106
       Constrict         |    18 |     9 ||    27
       Tentacles         |    11 |     7 ||    18
Throw: Dart              |       |     1 ||     1
  Use: Scroll            |     2 |     5 ||     7
       Potion            |       |     1 ||     1
 Stab: Sleeping          |       |     2 ||     2
Armor: Skin              |     6 |     2 ||     8
Dodge: Dodged            |    36 |    35 ||    71
Block: Buckler           |    16 |    11 ||    27

Table legend: (Time is in decaauts)
 A = Elapsed time spent in this place.
 B = Non-inter-level travel time spent in this place.
 C = Inter-level travel time spent in this place.
 D = Time resting spent in this place.
 E = Time spent auto-exploring this place.
 F = Levels seen in this place.
 G = Mean time per level.
                   A        B        C        D        E       F      G
               +--------+--------+--------+--------+--------+-----+--------+
         Total |   2452 |   2452 |      0 |    456 |      0 |   4 |  613.0 |
       Dungeon |   2452 |   2452 |      0 |    456 |      0 |   4 |  613.0 |
               +--------+--------+--------+--------+--------+-----+--------+

Top non-repeatable levels by time:
     D:2: 845 daAuts
     D:1: 813 daAuts
     D:3: 791 daAuts
     D:4: 1 daAuts
